 Dungeon Crawl Stone Soup version 0.29-a0-789-g7a8fcbc185 (webtiles) character file.

Game seed: 5082321156051212282

2 ytrimaz the Ducker (level 1, 0/16 HPs)
             Began as a Demonspawn Gladiator on July 2, 2022.
             Slain by a goblin
             ... wielding a +0 club
              (3 damage)
             ... on level 1 of the Dungeon.
             The game lasted 00:00:28 (188 turns).

ytrimaz the Ducker (Demonspawn Gladiator)            Turns: 188, Time: 00:00:29

Health: 0/16       AC:  4    Str: 14    XL:     1   Next: 25%
Magic:  1/1        EV: 12    Int:  9    God:
Gold:   12         SH:  0    Dex: 14    Spells: 0/0 levels left

rFire   . . .      SeeInvis .   a - +0 rapier
rCold   . . .      Faith    .   (no shield)
rNeg    . . .      Spirit   .   b - +0 leather armour
rPois   .          Reflect  .   c - +0 helmet
rElec   .          Harm     .   (no cloak)
rCorr   .          Rampage  .   (no gloves)
Will    .....                   (no boots)
Stlth   +.........              (no amulet)
HPRegen 0.05/turn               (no ring)
MPRegen 0.07/turn               (no ring)

@: no status effects
A: no striking features
a: no special abilities


You were on level 1 of the Dungeon.
You visited 1 branch of the dungeon, and saw 1 of its levels.

You collected 12 gold pieces.

Inventory:

Hand Weapons
 a - a +0 rapier (weapon)
Missiles
 d - 3 throwing nets (quivered)
 e - a javelin
Armour
 b - a +0 leather armour (worn)
 c - a +0 helmet (worn)
Scrolls
 f - a scroll of enchant armour
 g - 2 scrolls of identify


   Skills:
 - Level 2.0 Fighting
 + Level 2.7 Short Blades
 - Level 1.7 Throwing
 + Level 2.7 Dodging


You couldn't memorise any spells.
You didn't know any spells.
Your spell library contained the following spells:

 Spells                   Type           Power      Damage    Failure   Level
 Frozen Ramparts          Ice            0%         1d2       83%         3
 Ice Form                 Ice/Tmut       0%         N/A       99%         4
 Summon Ice Beast         Ice/Summ       0%         N/A       99%         4


Dungeon Overview and Level Annotations

Branches:
Dungeon (1/15)

Altars:


Message History

You hear a shout!
A kobold comes into view. It is wielding a +0 club.
The frilled lizard barely misses you.
You hit the frilled lizard.
The frilled lizard is heavily wounded.
An endoplasm comes into view.
The frilled lizard bites you but does no damage.
The goblin hits you with a +0 club.
The endoplasm quivers.
You hit the frilled lizard but do no damage.
The frilled lizard is heavily wounded.
The frilled lizard bites you.
You hit the frilled lizard.
You kill the frilled lizard!
The goblin completely misses you.
You miss the goblin. The goblin hits you but does no damage.
The goblin closely misses you.
You hit the goblin.
The goblin is moderately wounded.
The kobold barely misses you. The goblin closely misses you.
The goblin hits you with a +0 club.
You closely miss the goblin.
The goblin is moderately wounded.
The goblin hits you but does no damage. The kobold hits you with a +0 club.
The goblin closely misses you.
Unknown command.
The goblin attacks as you move away! The goblin hits you with a +0 dagger.
* * * LOW HITPOINT WARNING * * *
The kobold attacks as you move away! The kobold closely misses you.
The goblin closely misses you. The goblin attacks as you move away!
The goblin hits you but does no damage. The kobold attacks as you move away!
The kobold closely misses you.
You aren't carrying any potions.
You aren't carrying any potions.
You aren't carrying any potions.
As you read the scroll labelled KITUTT PIEM, it crumbles to dust.
It is a scroll of identify.
f - a scroll of enchant armour The goblin hits you with a +0 club.
You die...

#.# #######..# #.
.###### #..#
....... ####..#
..#.... #.....#
$......## #.##.##
#.......###.##..^
#...........##.###
#.......######.#
###...gKg@.....#
#....J######.#
###...# #.# #...#
#...# #...# #...#
...>. ......


You could see an endoplasm, 2 goblins and a kobold.

Vanquished Creatures
  A frilled lizard (D:1)
  2 kobolds (D:1)
3 creatures vanquished.

Notes
Turn   | Place    | Note
-------+----------+-------------------------------------------
     0 | D:1      | ytrimaz the Demonspawn Gladiator began the quest for the
                  | Orb.
     0 | D:1      | Reached XP level 1. HP: 16/16 MP: 1/1
   188 | D:1      | Slain by a goblin

Illustrated notes

Levels and vault maps discovered:
D:1:      dpeg_arrival_tiny_a, layout_loops_cross, minmay_lizard_king

Action                   || total
-------------------------++-------
Melee: Rapier            ||    23
       Punch             ||     1
  Use: Scroll            ||     1
Armor: Leather armour    ||    11
Dodge: Dodged            ||    15

Table legend: (Time is in decaauts)
 A = Elapsed time spent in this place.
 B = Non-inter-level travel time spent in this place.
 C = Inter-level travel time spent in this place.
 D = Time resting spent in this place.
 E = Time spent auto-exploring this place.
 F = Levels seen in this place.
 G = Mean time per level.
                   A        B        C        D        E       F      G
               +--------+--------+--------+--------+--------+-----+--------+
         Total |    189 |    189 |      0 |      0 |    148 |   1 |  189.0 |
       Dungeon |    189 |    189 |      0 |      0 |    148 |   1 |  189.0 |
               +--------+--------+--------+--------+--------+-----+--------+

Top non-repeatable levels by time:
     D:1: 189 daAuts
